Map: Tours du crépuscule

Players

zidar

  • Race: Zerg Zerg
  • League: Silver
  • Spawn Location: 1:00

ProoXa - Winner!

  • Race: Zerg Zerg
  • League: Diamond
  • Spawn Location: 7:00

VOD

Have the link to the VOD?

Description

Time

  • Played on: Nov. 18, 2015, 2:24 p.m.
  • Length: 3:36
Show
View Real Time Build Order
Export as new Build Order

zidar Zerg 

Build Orders: 1 Base Baneling Bust, Pool First 

Get SALT Encoding   

  12  0:01  Drone  
  13  0:12  Overlord  
  13  0:17  Drone  
  14  0:22  Extractor  
  14  0:23  Drone  
  14  0:30  Drone  
  14  0:34  Drone  
  16  0:52  Spawning Pool  
  16  0:55  Drone  
  16  1:04  Overlord  
  16  1:39  Queen  
  18  1:41  Zergling x6  
  21  1:52  Baneling Nest, Drone  
  21  2:09  Zergling x2  
  22  2:21  Zergling x2  
  20  2:43  Zergling x4  
  21  2:55  Zergling x6  
  21  2:56  Zergling x2  
  21  2:57  Baneling  
  25  3:12  Hatchery  
Show
View Real Time Build Order
Export as new Build Order

ProoXa Zerg - Winner!

Build Orders: 1 Base Baneling Bust, Pool First 

Get SALT Encoding   

  12  0:01  Drone  
  13  0:08  Drone  
  14  0:20  Extractor  
  13  0:31  Spawning Pool  
  13  0:35  Drone x2  
  14  0:51  Overlord  
  14  1:18  Zergling x6  
  17  1:19  Queen  
  17  1:23  Metabolic Boost  
  19  1:29  Zergling x2  
  20  1:40  Zergling x2  
  21  1:50  Zergling x2  
  22  2:02  Overlord  
  22  2:16  Baneling Nest  
  22  2:19  Zergling x2  
  18  2:41  Zergling x8  
  22  3:02  Baneling x2  
  22  3:03  Baneling x3  
  22  3:05  Zergling x6  
  25  3:18  Hatchery  
Tags
 
Add a new tag
Caveats
  • Supply blocks, unpowered buildings, or Contaminate may cause inaccurate times.
  • Supply counts are checked every 10 seconds.